 Dungeon Crawl Stone Soup version 0.31-a0-233-g139696dc86 (webtiles) character file.

Game seed: 6862519428238935808

33 Nedwor the Cutter (level 3, -3/23 HPs)
             Began as a Kobold Fighter on July 8, 2023.
             Slain by an orc
             ... wielding a +0 club
              (4 damage)
             ... on level 2 of the Dungeon.
             The game lasted 00:01:16 (983 turns).

Nedwor the Cutter (Kobold Fighter)                   Turns: 983, Time: 00:01:17

Health: -3/23      AC:  8    Str: 15    XL:     3   Next: 47%
Magic:  3/3        EV:  8    Int:  9    God:
Gold:   60         SH:  0    Dex: 14    Spells: 2/2 levels left

rFire   . . .        a - +0 rapier
rCold   . . .        c - +0 buckler
rNeg    . . .        l - +0 chain mail
rPois   .            (no helmet)
rElec   .            (no cloak)
rCorr   .            (no gloves)
SInv    .            (no boots)
Will    .....        (no amulet) Stlth
                     (no ring)
HPRegen 0.23/turn    (no ring)
MPRegen 0.08/turn

%: no passive effects
@: confused
A: small, no large weapons, nightstalker 3
a: no special abilities


You were on level 2 of the Dungeon.
You visited 1 branch of the dungeon, and saw 2 of its levels.

You collected 60 gold pieces.

Inventory:

Hand Weapons
 a - a +0 rapier (weapon)
Armour
 c - a +0 buckler (worn)
 l - a +0 chain mail (worn)
Jewellery
 f - an amulet of guardian spirit
Scrolls
 e - a scroll of immolation {unknown}
 j - a scroll of enchant weapon {unknown}
Potions
 d - a potion of might
 g - a potion of berserk rage {unknown}
 h - a potion of heal wounds {unknown}
 i - a potion of curing {unknown}
 k - a potion of enlightenment {unknown}


   Skills:
 + Level 3.6 Fighting
 * Level 3.6 Short Blades
 + Level 2.6 Armour
 + Level 0.0 Stealth
 + Level 2.7 Shields


You had 2 spell levels left.
You didn't know any spells.
Your spell library was empty.

Dungeon Overview and Level Annotations

Branches:
Dungeon (2/15)

Altars:


Innate Abilities, Weirdness & Mutations

You are small and have problems with some larger weapons.
You are completely attuned to the shadows.


Message History

You hit the orc wizard.
The orc wizard is almost dead.
The orc barely misses you. The orc wizard closely misses you.
The orc hits you but does no damage. x2
Unknown command.
You closely miss the orc wizard.
The orc wizard is almost dead.
The orc hits you but does no damage.
The orc wizard hits you but does no damage.
The orc hits you with a +0 club. The orc hits you but does no damage.
Unknown command.
You hit the orc wizard but do no damage.
The orc wizard is almost dead.
The orc barely misses you.
The orc wizard gestures at you while chanting.
You are confused.
The orc hits you but does no damage. The orc completely misses you.
Unknown command.
You miss the orc wizard.
The orc wizard is almost dead.
The orc barely misses you. The orc wizard barely misses you.
The orc hits you with a +0 club. The orc barely misses you.
Unknown command.
You hit the orc but do no damage. The orc hits you with a +0 hand axe.
The orc wizard casts a spell.
The orc wizard flickers and vanishes!
Deactivating autopickup; reactivate with Ctrl-A.
The orc hits you with a +0 club.
* * * LOW HITPOINT WARNING * * *
The orc hits you but does no damage.
You completely miss something. The orc hits you but does no damage.
The orc closely misses you. Something hits you but does no damage.
The orc hits you but does no damage.
You barely miss something. The orc hits you but does no damage.
You hear some strange, mumbled words.
A puff of flame appears from out of thin air!
The puff of flame hits you.
* * * LOW HITPOINT WARNING * * *
The orc barely misses you. The orc hits you with a +0 club.
You die...

#... ....
....##
.....#
#..oo### .
#..o@..#.#
####{#...#
#..#|.###
##.##...#
#....#
###..#
#.##
###.[#
#....#


You could see 3 orcs.

Vanquished Creatures
  A dart slug (D:1)
  3 ball pythons (D:1)
  2 bats (D:1)
  4 endoplasms (D:1)
  A giant cockroach (D:2)
  3 goblins (D:1)
  A hobgoblin (D:1)
  6 jackals (D:1)
  2 frilled lizards (D:1)
  A kobold (D:1)
  3 rats
27 creatures vanquished.

Notes
Turn   | Place    | Note
-------+----------+-------------------------------------------
     0 | D:1      | Nedwor the Kobold Fighter began the quest for the Orb.
     0 | D:1      | Reached XP level 1. HP: 14/14 MP: 1/1
   200 | D:1      | Reached XP level 2. HP: 8/19 MP: 2/2
   513 | D:1      | Reached XP level 3. HP: 17/23 MP: 3/3
   983 | D:2      | HP: 1/23 [something/puff of flame (5)]
   983 | D:2      | Slain by an orc

Illustrated notes

Levels and vault maps discovered:
D:1:      tarquinn_simple_flora_water_e, layout_basic, st_stairs_12,
          nicolae_figureground_pulse
D:2:      layout_rooms, hangedman_decor_clover_reticule,
          chequers_serial_rivers_micro_e, chequers_garden

Skill      XL: |  1 |
---------------+----+-----
Short Blades   | 3 |  3.6
Fighting       | |  3.6
Armour         | |  2.6
Shields        | |  2.7

Action                     || total
---------------------------++-------
  Melee: Rapier            ||    97
 Armour: Scale mail        ||    37
         Chain mail        ||    23
  Dodge: Dodged            ||    78
  Block: Buckler           ||    16

Table legend: (Time is in decaauts)
 A = Elapsed time spent in this place.
 B = Non-inter-level travel time spent in this place.
 C = Inter-level travel time spent in this place.
 D = Time resting spent in this place.
 E = Time spent auto-exploring this place.
 F = Levels seen in this place.
 G = Mean time per level.
                   A        B        C        D        E       F      G
               +--------+--------+--------+--------+--------+-----+--------+
         Total |    991 |    983 |      8 |      0 |    799 |   2 |  495.5 |
       Dungeon |    991 |    983 |      8 |      0 |    799 |   2 |  495.5 |
               +--------+--------+--------+--------+--------+-----+--------+

Top non-repeatable levels by time:
     D:1: 886 daAuts
     D:2: 105 daAuts
